 Dungeon Sprint DCSS version 0.30.1-11-g7821555f0a (webtiles) character file.

Game seed: 10824902295899107041

179 Heoruswealwe the Spear-Bearer (level 5, -5/52 HPs)
             Began as a Minotaur Fighter on Dec 22, 2023.
             Was an Initiate of Gozag.
             Slain by a two-headed ogre
             ... wielding a +0 giant club
              (25 damage)
             ... in the Dungeon (Sprint IX: "|||||||||||||||||||||||||||||").
             The game lasted 00:01:15 (108 turns).

Heoruswealwe the Spear-Bearer (Minotaur Fighter)     Turns: 108, Time: 00:01:16

Health: -5/52      AC:  8    Str: 22    XL:     5   Next: 33%
Magic:  4/4        EV:  9    Int:  5    God:    Gozag
Gold:   0          SH:  4    Dex: 10    Spells: 4/4 levels left

rFire   . . .        a - +0 trident
rCold   . . .        d - +0 buckler
rNeg    . . .        c - +0 scale mail
rPois   .            (helmet restricted)
rElec   .            (no cloak)
rCorr   .            (no gloves)
SInv    .            (no boots)
Will    .....        (no amulet) Stlth
                     (no ring)
HPRegen 0.28/turn    (no ring)
MPRegen 0.09/turn

%: no teleportation
@: gold aura
A: horns 2, retaliatory headbutt
a: Renounce Religion, Potion Petition, Call Merchant, Bribe Branch


You were in the Dungeon.
You worshipped Gozag.
Gozag was noncommittal.
You visited 1 branch

Inventory:

Hand Weapons
 a - a +0 trident (weapon)
Armour
 c - a +0 scale mail (worn)
 d - a +0 buckler (worn)
Jewellery
 m - a +3 ring of strength
 n - a +2 ring of evasion
Wands
 l - a wand of light (10)
Scrolls
 j - 2 scrolls of blinking
 k - 2 scrolls of amnesia
Potions
 b - a potion of might
 e - a potion of invisibility
 f - 2 potions of heal wounds
 g - a potion of haste
 h - 4 potions of curing
 i - a potion of berserk rage


   Skills:
 + Level 7.5 Fighting
 * Level 9.6 Polearms
 + Level 7.5 Armour
 - Level 3.6 Shields


You had 4 spell levels left.
You didn't know any spells.
Your spell library was empty.

Dungeon Overview and Level Annotations

Branches:
Dungeon (1/1)

Altars:
Cheibriados
Dithmenos
Elyvilon
Fedhas
Gozag
Hepliaklqana
Kikubaaqudgha
Makhleb
Nemelex Xobeh
Okawaru
Qazlal
Ru
Sif Muna
Trog
Uskayaw
Vehumet
Wu Jian
Xom
Yredelemnul
Zin
The Shining One
Jiyva
Lugonu


Innate Abilities, Weirdness & Mutations

You have a pair of horns on your head.
You reflexively headbutt those who attack you in melee.


Message History

m - a +3 ring of strength
n - a +2 ring of evasion You open the door.
A kobold brigand, a shadow, a vampire, a yak and 2 two-headed ogres come into view.
The kobold brigand is wielding a +0 short sword and quivering poisoned darts.
The kobold brigand shouts!
The two-headed ogre shouts in stereo!
The yak bellows!
The two-headed ogre shouts in stereo!
You hit the kobold brigand.
The kobold brigand is moderately wounded.
The kobold brigand hits you but does no damage.
You puncture the kobold brigand! You headbutt the kobold brigand.
The kobold brigand is severely wounded.
The kobold brigand hits you with a +0 short sword.
You puncture the kobold brigand!
The kobold brigand is almost dead.
The kobold brigand barely misses you.
You barely miss the kobold brigand.
The kobold brigand is almost dead.
The kobold brigand barely misses you. You furiously retaliate!
You headbutt the kobold brigand.
You kill the kobold brigand!
Your Fighting skill increases to level 7!
Your Polearms skill increases to level 9!
Your Armour skill increases to level 7!
You have reached level 5!
The vampire is distracted by your dazzling golden aura.
The two-headed ogre hits you with a +0 giant club!!
The two-headed ogre hits you with a +0 giant spiked club!
The yak snorts and paws the ground.
There is an open door to the Dungeon, spattered with blood here.
Things that are here:
54 gold pieces; a +0 short sword; 8 poisoned darts You puncture the two-headed ogre!
The two-headed ogre is lightly wounded.
The vampire is no longer distracted by gold.
You barely miss the two-headed ogre.
The two-headed ogre is lightly wounded.
The two-headed ogre hits you with a +0 giant club!!
You die...
Your body crumbles into a pile of gold. $$$$$ $$$$$ $ $ $ $$$$$ $ $ ▓▓▓▓▓▓▓▓▓▓▓▓▓▓▓▓▓▓▓▓▓▓▓▓ ______'!.).[[[..@OWVYO.+ ▓▓▓▓▓▓▓▓▓▓▓▓▓▓▓▓▓▓▓▓▓▓▓▓

You could see 2 two-headed ogres, a yak, a vampire and a shadow.

Vanquished Creatures
  A kobold brigand (D)
  A scorpion (D)
  An iguana (D)
  2 adders (D)
  A dart slug (D)
  An endoplasm (D)
  A quokka (D)
  A frilled lizard (D)
  A goblin (D)
  A kobold (D)
11 creatures vanquished.

Notes
Turn   | Place    | Note
-------+----------+-------------------------------------------
     0 | D        | Heoruswealwe the Minotaur Fighter began the quest for the
                  | Orb.
     0 | D        | Reached XP level 1. HP: 19/19 MP: 0/0
     8 | D        | Reached skill level 3 in Polearms
    34 | D        | Noticed an iguana
    34 | D        | Noticed a scorpion
    41 | D        | Killed an iguana
    42 | D        | Reached skill level 5 in Fighting
    42 | D        | Reached skill level 5 in Polearms
    42 | D        | Reached skill level 5 in Armour
    42 | D        | Reached XP level 2. HP: 23/29 MP: 1/1
    42 | D        | Reached XP level 3. HP: 28/36 MP: 2/2
    45 | D        | Killed a scorpion
    46 | D        | Reached skill level 7 in Polearms
    46 | D        | Reached XP level 4. HP: 41/44 MP: 3/3
    50 | D        | Reached skill level 8 in Polearms
    58 | D        | Found a snail-covered altar of Cheibriados.
    58 | D        | Found a shadowy altar of Dithmenos.
    58 | D        | Found a white marble altar of Elyvilon.
    58 | D        | Found a blossoming altar of Fedhas.
    58 | D        | Found an opulent altar of Gozag.
    59 | D        | Found a hazy altar of Hepliaklqana.
    60 | D        | Found a viscous altar of Jiyva.
    61 | D        | Found an ancient bone altar of Kikubaaqudgha.
    62 | D        | Found a corrupted altar of Lugonu.
    63 | D        | Found a burning altar of Makhleb.
    64 | D        | Found a sparkling altar of Nemelex Xobeh.
    65 | D        | Found an iron altar of Okawaru.
    66 | D        | Became a worshipper of Gozag Ym Sagoz the Greedy
    67 | D        | Found a stormy altar of Qazlal.
    68 | D        | Found a sacrificial altar of Ru.
    69 | D        | Found a shimmering blue altar of Sif Muna.
    70 | D        | Found a bloodstained altar of Trog.
    71 | D        | Found a hide-covered altar of Uskayaw.
    72 | D        | Found a radiant altar of Vehumet.
    73 | D        | Found an ornate altar of the Wu Jian Council.
    74 | D        | Found a shimmering altar of Xom.
    75 | D        | Found a basalt altar of Yredelemnul.
    76 | D        | Found a glowing silver altar of Zin.
    77 | D        | Found a glowing golden altar of the Shining One.
   101 | D        | Noticed a kobold brigand
   101 | D        | Noticed a two-headed ogre
   101 | D        | Noticed a shadow
   101 | D        | Noticed a vampire
   101 | D        | Noticed a yak
   101 | D        | Noticed a two-headed ogre
   105 | D        | Killed a kobold brigand
   106 | D        | Reached skill level 9 in Polearms
   106 | D        | Reached XP level 5. HP: 52/52 MP: 4/4
   108 | D        | Slain by a two-headed ogre

Illustrated notes

Levels and vault maps discovered:
D:        linesprint [early_d, line_temple, items_1, d_10, items_2, lair_1,
          lair_end, items_3, orc_1, orc_end, items_4, d_15, swamp_1, shoals_1,
          snake_1, spider_1, d_20, vaults_1, items_5, swamp_end, shoals_end,
          snake_end, spider_end, vaults_end, d_27, items_6, zot_1, zot_end,
          crypt_end, forest_end, elf_end, slime_end, tomb_end, abyss_end,
          pan_hell_end]

Skill      XL: |  1  2  3  4 |
---------------+-------------+-----
Fighting       | 5 6 7 |  7.5
Polearms       | 5 7 9 |  9.6
Armour         | 5 6 7 |  7.5
Shields        | |  3.6

Action                     |  1- 3 |  4- 6 || total
---------------------------+-------+-------++-------
  Melee: Trident           |    21 |    12 ||    33
         Headbutt          |     2 |     1 ||     3
    Use: Potion            |     2 |       ||     2
 Armour: Scale mail        |     4 |     2 ||     6
  Dodge: Dodged            |     4 |     3 ||     7
  Block: Buckler           |     2 |     2 ||     4
